 Dungeon Crawl Stone Soup version 0.30.1-4-g462c640d31 (webtiles) character file.

Game seed: 1853652502387054548

14502 Slokestope the Destroyer (level 12, -7/68 HPs)
             Began as a Tengu Conjurer on Aug 24, 2023.
             Was an Elder of Vehumet.
             Mangled by Snorg (23 damage)
             ... on level 3 of the Lair of Beasts.
             The game lasted 01:01:03 (15544 turns).

Slokestope the Destroyer (Tengu Conjurer)          Turns: 15544, Time: 01:01:04

Health: -7/68      AC: 11    Str:  9    XL:     12   Next: 17%
Magic:  19/28      EV: 16    Int: 22    God:    Vehumet [****..]
Gold:   823        SH:  0    Dex: 13    Spells: 13/33 levels left

rFire   . . .        D - +3 rapier (protect)
rCold   . . .        (no shield)
rNeg    . . .        C - +2 leather armour {rPois}
rPois   +            T - +1 hat
rElec   .            m - +0 cloak
rCorr   .            (no gloves)
SInv    .            (boots unavailable)
Will    .....        (no amulet)
Stlth   ++           g - ring of wizardry
HPRegen 0.31/turn    l - +4 ring of protection
MPRegen 0.21/turn

%: wizardry (x1)
@: flying quickly and evasively, quick
A: beak, talons 3, nimble flight
a: Renounce Religion


You were on level 3 of the Lair of Beasts.
You worshipped Vehumet.
Vehumet was greatly pleased with you.
You visited 3 branches of the dungeon, and saw 14 of its levels.
You also visited: Ossuary.

You collected 921 gold pieces.
You spent 98 gold pieces at shops.

Inventory:

Hand Weapons
 D - a +3 rapier of protection (weapon)
 J - a +2 dagger of venom
Armour
 a - a +0 robe
 m - a +0 cloak (worn)
 C - a +2 leather armour of poison resistance (worn)
 N - +0 steam dragon scales
 T - a +1 hat (worn)
Magical Staves
 V - a staff of earth
Jewellery
 g - a ring of wizardry (left hand)
 h - an amulet of guardian spirit
 l - a +4 ring of protection (right hand)
 K - a ring of see invisible
 Q - a ring of wizardry
Wands
 s - a wand of digging (5)
 F - a wand of polymorph (7)
 G - a wand of mindburst (22)
 H - a wand of paralysis (15)
 R - a wand of light (4)
 U - a wand of flame (8)
Scrolls
 c - 6 scrolls of vulnerability
 i - 3 scrolls of amnesia
 k - 6 scrolls of teleportation
 n - 4 scrolls of immolation {unknown}
 p - 6 scrolls of fear
 q - 3 scrolls of fog
 t - a scroll of butterflies {unknown}
 y - a scroll of acquirement {unknown}
 z - 2 scrolls of brand weapon {unknown}
 A - a scroll of magic mapping
 B - 2 scrolls of blinking
 E - a scroll of enchant armour {unknown}
 I - a scroll of poison {unknown}
 O - a scroll of noise {unknown}
 S - 2 scrolls of identify
Potions
 b - a potion of magic
 d - 8 potions of curing
 e - 3 potions of haste
 f - 2 potions of might
 j - 2 potions of ambrosia
 o - 3 potions of lignification
 r - a potion of berserk rage
 u - 3 potions of brilliance
 v - a potion of heal wounds {unknown}
 w - 2 potions of cancellation
 x - 3 potions of flight {unknown}
 L - 2 potions of degeneration
 M - a potion of mutation {unknown}
 P - a potion of attraction {unknown}


   Skills:
 * Level 5.5 Fighting
 + Level 3.1 Armour
 + Level 6.5 Dodging
 - Level 2.0 Stealth
 + Level 11.4 Spellcasting
 + Level 14.7 Conjurations
 + Level 2.3 Hexes
 + Level 2.6 Translocations
 + Level 0.6 Fire Magic
 + Level 3.6 Poison Magic


You had 13 spell levels left.
You knew the following spells:

 Your Spells              Type           Power      Damage    Failure   Level
a - Magic Dart            Conj           100%       1d8       0%          1
b - Searing Ray           Conj           100%       2d8       1%          2
c - Iskenderun's Mystic   Conj/Tloc      50%        2d11      1%          4
d - Fulminant Prism       Conj/Hex       25%        3d14      1%          4
e - Olgreb's Toxic Radia  Pois           28%        N/A       1%          4
f - Fireball              Conj/Fire      23%        3d11      1%          5

Your spell library contained the following spells:

 Spells                   Type           Power      Damage    Failure   Level
 Freeze                   Ice            48%        1d6       1%          1
 Dazzling Flash           Conj/Hex       100%       N/A       1%          3
 Hailstorm                Conj/Ice       45%        3d10      1%          3
 Frozen Ramparts          Ice            24%        1d4       2%          3
 Summon Forest            Summ/Tloc      9%         N/A       41%         5
 Summon Mana Viper        Hex/Summ       17%        N/A       43%         5
 Summon Cactus Giant      Summ           6%         N/A       98%         6


Dungeon Overview and Level Annotations

Branches:
Dungeon (10/15)            Temple (1/1) D:4            Lair (3/5) D:8
 Shoals (0/4) Lair:3          Orc (0/2) D:9         Ossuary (visited)
  Snake: Lair:2-3    Spider: Lair:2-3

Altars:
Ashenzari
Cheibriados
Dithmenos
Elyvilon
Fedhas
Gozag
Hepliaklqana
Kikubaaqudgha
Makhleb
Nemelex Xobeh
Okawaru
Qazlal
Ru
Sif Muna
Trog
Uskayaw
Vehumet
Wu Jian
Xom
Yredelemnul
Zin
The Shining One

Shops:
D:3 [   D:8 ?

Annotations:
Lair:1 Nergalle
Lair:3 Snorg


Innate Abilities, Weirdness & Mutations

You have a beak for a mouth.
You have claws for feet.
Your magical nature lets you fly swiftly and evasively.


Message History

Okay, then.
Unknown command.
There are monsters nearby!
Aiming: Polymorph
Press: ? - help, Shift-Dir - straight line, f - Snorg
Aim: Snorg (berserk, will become a jumping spider, a cane toad, or a guardian serpent, chance to affect: 17%)
Okay, then.
Unknown command.
Unknown command.
Unknown command.
Okay, then.
Unknown command.
Unknown command.
Unknown command.
You are confused.
You feel invigorated. The water moccasin closely misses you.
The water moccasin barely misses you.
The water moccasin bites you but does no damage.
Snorg attacks as you move away! Snorg bites you! Snorg closely misses you.
Snorg completely misses you.
The water moccasin attacks as you move away!
The water moccasin bites you.
The water moccasin completely misses you.
You feel less invigorated.
You feel less confused. Snorg bites you!!
* * * LOW HITPOINT WARNING * * *
Snorg misses you. Snorg completely misses you.
Casting: Iskenderun's Mystic Blast (safe; 1% risk of failure)
Confirm with . or Enter, or press ? or * to list all spells.
You erupt in a blast of force!
The mystic blast hits the plant!
The plant begins to die.
The plant is lightly damaged.
The mystic blast hits Snorg!
Snorg is lightly wounded.
The mystic blast hits the water moccasin!
The water moccasin is severely wounded.
The water moccasin is knocked back by the mystic blast.
Snorg bites you!!
You die...

#.####..# #..PP.#...##
.........####..>......#
.....................###
...P.#..........##.....#
...##....####..##....###
.. #.....# #...P##....#
. ###...# #...S##....#
#.P## #....##....# ###
#.@T.......#
#.....#....#
#...##....## #....#....#
#...###...# #)..#.#...##
#...##.....#
##....##...##
#....###...##


You could see Snorg (berserk) and a water moccasin.

Vanquished Creatures
  4 two-headed ogres
  Erica (D:10)
  Urug (Lair:3)
  Amaemon (Lair:1)
  Sonja (Lair:3)
  Maurice (D:10)
  An orange demon (Lair:1)
  Maggie (D:10)
  2 komodo dragons (Lair:1)
  2 polar bears
  4 blink frogs (Lair:1)
  2 wyverns (D:10)
  9 yaks (D:10)
  A basilisk (Lair:1)
  2 steam dragons
  2 wargs (D:9)
  3 water moccasins
  An acid dragon (D:10)
  10 orc warriors
  A black bear (D:6)
  2 sky beasts (D:6)
  3 ogres
  An ice beast (D:7)
  2 centaurs
  A phantom (D:5)
  A kobold brigand (D:9)
  Blork the orc (D:5)
  4 bullfrogs
  A gnoll sergeant (D:8)
  3 scorpions
  4 water moccasin zombies (Ossuary)
  13 wights
  3 killer bees (D:7)
  2 howler monkeys (D:8)
  A hound (D:6)
  3 jellies
  10 orc priests
  Crazy Yiuf (D:3)
  A sleepcap (D:7)
  3 iguanas
  11 orc wizards
  2 mummies (Ossuary)
  7 gnolls
  12 adders
  2 white imps (D:7)
  7 ufetubi
  An adder zombie (Ossuary)
  4 dart slugs
  2 worms
  53 orcs
  7 bats
  10 endoplasms
  4 giant cockroaches
  5 gnoll zombies (Ossuary)
  8 goblins
  8 hobgoblins
  7 jackals
  10 ball pythons
  7 frilled lizards
  6 hobgoblin zombies (Ossuary)
  20 kobolds
  6 kobold zombies (Ossuary)
  4 orc zombies (Ossuary)
  5 rats
  A fulminant prism (Lair:3)
319 creatures vanquished.

Vanquished Creatures (others)
  72 fulminant prisms
72 creatures vanquished.

Grand Total: 391 creatures vanquished

Notes
Turn   | Place    | Note
-------+----------+-------------------------------------------
     0 | D:1      | Slokestope the Tengu Conjurer began the quest for the Orb.
     0 | D:1      | Reached XP level 1. HP: 10/10 MP: 4/4
   122 | D:1      | Reached XP level 2. HP: 12/15 MP: 0/6
   458 | D:1      | Reached skill level 6 in Conjurations
   804 | D:1      | Reached XP level 3. HP: 19/19 MP: 4/7
  1237 | D:1      | Found a faded altar of an unknown god.
  1427 | D:2      | Learned a level 2 spell: Searing Ray
  1506 | D:2      | Reached XP level 4. HP: 24/24 MP: 0/8
  1598 | D:2      | Learned a level 4 spell: Iskenderun's Mystic Blast
  1726 | D:2      | Reached skill level 7 in Conjurations
  2540 | D:3      | Found Plog's Antique Armour Boutique.
  2870 | D:3      | Noticed a scorpion
  2935 | D:3      | Killed a scorpion
  2936 | D:3      | Gained mutation: Your magical nature lets you fly swiftly
                  | and evasively. [Tengu growth]
  2936 | D:3      | Reached XP level 5. HP: 14/28 MP: 3/10
  3085 | D:3      | Found a runed translucent door.
  3086 | D:3      | Noticed Crazy Yiuf
  3221 | D:3      | Found an iron altar of Okawaru.
  3428 | D:3      | Reached skill level 8 in Conjurations
  3726 | D:3      | Reached XP level 6. HP: 32/32 MP: 10/12
  4233 | D:3      | Killed Crazy Yiuf
  4240 | D:3      | Learned a level 4 spell: Fulminant Prism
  4411 | D:4      | Found a staircase to the Ecumenical Temple.
  4433 | Temple   | Entered the Ecumenical Temple
  4439 | Temple   | Became a worshipper of Vehumet
  4958 | D:5      | Entered Level 5 of the Dungeon
  4991 | D:5      | Reached XP level 7. HP: 32/36 MP: 4/14
  5065 | D:5      | Found a hazy altar of Hepliaklqana.
  5122 | D:5      | Reached skill level 9 in Conjurations
  5175 | D:5      | Noticed a two-headed ogre
  5299 | D:5      | Found a sand-covered staircase.
  5306 | Ossuary  | Entered an ossuary
  5513 | Ossuary  | Reached skill level 5 in Spellcasting
  5702 | Ossuary  | Reached * piety under Vehumet
  5702 | Ossuary  | Offered knowledge of Shock by Vehumet.
  5930 | D:5      | Reached skill level 1 in Fighting
  5946 | D:5      | Reached XP level 8. HP: 43/43 MP: 14/17
  6107 | D:5      | Noticed Blork the orc
  6122 | D:5      | Killed Blork the orc
  6248 | D:5      | Killed a two-headed ogre
  6249 | D:5      | Reached skill level 10 in Conjurations
  6369 | D:5      | Found an ancient bone altar of Kikubaaqudgha.
  6370 | D:5      | Found a shimmering altar of Xom.
  6528 | D:5      | Identified the +2 pair of boots of Mezcal {rElec Regen+
                  | Int-2}
  6804 | D:6      | Reached XP level 9. HP: 48/48 MP: 9/20
  7008 | D:6      | Reached skill level 11 in Conjurations
  8174 | D:7      | Reached ** piety under Vehumet
  8174 | D:7      | Offered knowledge of Poisonous Vapours by Vehumet.
  8412 | D:7      | Reached skill level 12 in Conjurations
  8443 | D:7      | Reached skill level 1 in Translocations
  8451 | D:7      | Reached skill level 5 in Dodging
  9478 | D:8      | Found a glowing golden altar of the Shining One.
  9513 | D:8      | Found a staircase to the Lair.
  9641 | D:8      | Reached XP level 10. HP: 48/54 MP: 16/23
  9823 | D:8      | Found Pefaeps's Magic Scroll Shop.
  9831 | D:8      | Bought a scroll of identify for 28 gold pieces
  9831 | D:8      | Bought a scroll of identify for 28 gold pieces
  9831 | D:8      | Bought a scroll of teleportation for 42 gold pieces
  9851 | D:8      | Found a snail-covered altar of Cheibriados.
  9961 | D:8      | Noticed a two-headed ogre
  9969 | D:8      | Killed a two-headed ogre
  9970 | D:8      | Reached skill level 1 in Hexes
 10488 | D:9      | Offered knowledge of Scorch by Vehumet.
 10746 | D:9      | Reached skill level 13 in Conjurations
 11064 | D:9      | Reached *** piety under Vehumet
 11083 | D:9      | Offered knowledge of Olgreb's Toxic Radiance by Vehumet.
 11410 | D:9      | Noticed a two-headed ogre
 11438 | D:9      | Killed a two-headed ogre
 11537 | D:9      | Learned a level 4 spell: Olgreb's Toxic Radiance
 11567 | D:9      | Found a staircase to the Orcish Mines.
 11815 | D:9      | Reached XP level 11. HP: 60/60 MP: 14/25
 12226 | D:10     | Entered Level 10 of the Dungeon
 12226 | D:10     | Noticed Erica
 12461 | D:10     | Noticed Maggie
 12474 | D:10     | Killed Maggie
 12475 | D:10     | Reached skill level 1 in Armour
 12475 | D:10     | Reached skill level 10 in Spellcasting
 12475 | D:10     | Reached skill level 1 in Poison Magic
 12482 | D:10     | Noticed a two-headed ogre
 12536 | D:9      | Killed a two-headed ogre
 12537 | D:9      | Reached skill level 14 in Conjurations
 13265 | D:10     | Killed Erica
 13414 | D:10     | Reached **** piety under Vehumet
 13499 | D:10     | Noticed Maurice
 13513 | D:10     | Killed Maurice
 13562 | D:10     | Offered knowledge of Fireball by Vehumet.
 13751 | D:10     | Learned a level 5 spell: Fireball
 13803 | D:10     | Found a shimmering blue altar of Sif Muna.
 14289 | Lair:1   | Entered Level 1 of the Lair of Beasts
 14289 | Lair:1   | Noticed Amaemon
 14300 | Lair:1   | Killed Amaemon
 14554 | Lair:1   | Reached skill level 5 in Fighting
 14923 | Lair:1   | Reached XP level 12. HP: 68/68 MP: 21/28
 15102 | Lair:1   | You are sucked into a shaft and drop 1 floor!
 15147 | Lair:1   | Noticed Nergalle
 15336 | Lair:3   | Found a staircase to the Shoals.
 15422 | Lair:3   | Noticed Urug
 15440 | Lair:3   | Killed Urug
 15493 | Lair:3   | Noticed Sonja
 15505 | Lair:3   | Killed Sonja
 15518 | Lair:3   | Noticed Snorg
 15544 | Lair:3   | Mangled by Snorg

Illustrated notes

Levels and vault maps discovered:
D:1:      lemuel_arrival_river_ford, layout_basic,
          shapermc_ecumenical_altar_mp_ritualfount
D:2:      layout_basic, serial_aquarium, aquarium_bridge_square
          [aquarium_subvault_wall, aquarium_subvault_bridge,
          aquarium_subvault_window, aquarium_subvault_window],
          aquarium_window_1, aquarium_window_fake, aquarium_view_2e,
          aquarium_view_2a
D:3:      minmay_recursive_quarters, layout_rooms, okawaru_ov_weapons_minmay,
          serial_co_window_serial, co_window_paths_a, co_window_paths_b,
          co_window_of_opportunity_a, co_window_corner_a, co_window_paths_a,
          co_window_corner_b, co_window_cross_4, co_window_corner_b,
          co_window_paths_c, co_window_corner_b, co_window_corner_cb,
          co_window_paths_d, serial_shops, shop, feat_on_display,
          uniq_crazy_yiuf_cottage
D:4:      layout_rooms, minmay_temple_entry_stoned_glass, grunt_ministairs_2
D:5:      layout_loops_ring, nicolae_overflow_hidden_temple,
          nicolae_ossuary_entry_monument, minmay_increasing_density,
          uniq_blork_the_orc
D:6:      layout_rooms, eino_tiny_chamber
D:7:      layout_loops_corners
D:8:      layout_loops_cross, slow_altar_2, mainiacjoe_overflow_24_doors,
          dpeg_oklobed_lair, serial_shops, shop
D:9:      layout_roguey [special_room_orc], david_orc_1_choice
D:10:     layout_cave_pods, nicolae_sif_muna_little_library, chequers_jeans,
          corexii_checkpoint_b, uniq_maurice, uniq_erica, uniq_maggie
Temple:   nicolae_temple_no_exploring_needed
Lair:1:   layout_regular_city, beast_lair_carwin_8, uniq_amaemon, uniq_nergalle
Lair:2:   layout_cave_pods
Lair:3:   layout_concentric_octagons, elwin_shoals_entry_rocks,
          nicolae_snake_entry_squirm, gauntlet_entry_generic, uniq_urug,
          uniq_sonja, uniq_snorg

Skill      XL: |  1  2  3  4  5  6  7  8  9 10 11 12 |
---------------+-------------------------------------+-----
Conjurations   | 6 7 8 9 10 12 13 14 | 14.7
Spellcasting   | 3 4 5 7 8 9 11 | 11.4
Fighting       | 1 2 3 5 |  5.5
Dodging        | 3 5 6 |  6.5
Translocations | 1 2 |  2.6
Hexes          | 1 2 |  2.3
Armour         | 2 3 |  3.1
Poison Magic   | 3 |  3.6
Stealth        | |  2.0
Fire Magic     | |  0.6

Action                     |  1- 3 |  4- 6 |  7- 9 | 10-12 || total
---------------------------+-------+-------+-------+-------++-------
  Melee: Unarmed           |     9 |     7 |     2 |       ||    18
         Peck              |     1 |     1 |       |     5 ||     7
         Kick              |       |     2 |     1 |     5 ||     8
         Rapier            |       |       |     2 |     9 ||    11
   Cast: Magic Dart        |    70 |   105 |   115 |    60 ||   350
         Searing Ray       |       |     8 |    54 |    52 ||   114
         Iskenderun's Myst |       |     1 |     2 |    26 ||    29
         Fulminant Prism   |       |       |    15 |    58 ||    73
         Olgreb's Toxic Ra |       |       |       |    27 ||    27
         Fireball          |       |       |       |     4 ||     4
  Evoke: Wand              |       |       |       |     1 ||     1
    Use: Scroll            |       |     1 |     8 |     9 ||    18
         Potion            |       |       |       |     1 ||     1
 Armour: Robe              |     4 |     4 |    24 |     8 ||    40
         Leather armour    |       |       |       |    18 ||    18
  Dodge: Dodged            |     8 |    25 |    74 |    70 ||   177
